 Dungeon Crawl Stone Soup version 0.20-a0-493-g19c8d8d (webtiles) character file.

47 AlphabetPasta the Vexing (level 3, -6/24 HPs)
             Began as a Barachian Enchanter on Jan 16, 2017.
             Mangled by a gnoll
             ... wielding a +0 club
              (7 damage)
             ... on level 2 of the Dungeon.
             The game lasted 00:09:54 (2426 turns).

AlphabetPasta the Vexing (Barachian Enchanter)      Turns: 2426, Time: 00:09:54

Health: -6/24      AC:  2    Str:  6    XL:     3   Next: 70%
Magic:  6/6        EV: 12    Int: 19    God:
Gold:   83         SH:  0    Dex: 11    Spells: 0/6 levels left

rFire    . . .     SeeInvis .   a - +1 dagger
rCold    . . .     Gourm    .   b - +0 robe
rNeg     . . .     Faith    .   (no shield)
rPois    .         Spirit   .   (no helmet)
rElec    .         Reflect  .   (no cloak)
rCorr    .         Harm     .   (no gloves)
MR       .....                  (no boots)
Stlth    ++........             (no amulet)
Regen    0.1/turn               (no ring)
                                (no ring)

@: brilliant, can't hop, slow
A: swims, slowness 1, strong legs 1
a: Hop


You were on level 2 of the Dungeon.
You were not hungry.

You visited 1 branch of the dungeon, and saw 2 of its levels.

You collected 83 gold pieces.

Inventory:

Hand Weapons
 a - a +1 dagger (weapon)
Armour
 b - a +0 robe (worn)
Jewellery
 e - an uncursed ring of flight {unknown}
 g - an uncursed amulet of regeneration {unknown}
Scrolls
 l - a scroll of magic mapping {unknown}
 m - a scroll of noise {unknown}
Potions
 i - a potion of curing {unknown}
 k - 2 potions of berserk rage
Books
 c - a book of Maledictions

   Spells                             Type                      Level
   a - Corona                         Hexes                        1
   b - Ensorcelled Hibernation        Hexes/Ice                    2
   c - Confuse                        Hexes                        3
   d - Tukima's Dance                 Hexes                        3
   e - Dazzling Spray                 Conjuration/Hexes            3
Comestibles
 d - a bread ration
 j - 2 chunks of flesh


   Skills:
 * Level 1.6 Short Blades
 + Level 2.2 Dodging
 * Level 3.4 Stealth
 + Level 2.2 Spellcasting
 * Level 3.5 Hexes
 + Level 0.7 Ice Magic


You couldn't memorise any spells.
You knew the following spells:

 Your Spells              Type           Power        Failure   Level  Hunger
a - Corona                Hex            ####...      1%          1    #......
b - Ensorcelled Hibernat  Hex/Ice        ###...       1%          2    ##.....
c - Confuse               Hex            ####....     1%          3    ###....


Dungeon Overview and Level Annotations

Branches:
Dungeon (2/15)

Altars:
Elyvilon
Nemelex Xobeh
Yredelemnul


Innate Abilities, Weirdness & Mutations

You can swim through water.
You cover ground slowly.
You can hop short distances.


Message History

There is an open door here.
Your magical contamination has completely faded away.
There is an open door here.
Some of the chunks of flesh in your inventory have rotted away.
Casting: Ensorcelled Hibernation
Confirm with . or Enter, or press ? or * to list all spells.
Aiming: Ensorcelled Hibernation
Press: ? - help, Shift-Dir - straight line, f - gnoll
Aim: a gnoll, wielding a club (chance to defeat MR: 48%)
The gnoll resists with some effort.
The gnoll misses you.
You closely miss the gnoll. You hit the gnoll but do no damage.
The gnoll hits you with a club.
You closely miss the gnoll. The gnoll hits you with a club!
* * * LOW HITPOINT WARNING * * *
It was a potion of magic.
Magic courses through your body. The gnoll closely misses you.
It was a potion of brilliance.
You feel clever all of a sudden. The gnoll hits you with a club!
You die...

........#
.######.#######
.##...........#
.##.###.##....##
...............###
##..##.#.........#
#...#.#.........######
#.#.#.#........).....#
#.#.#.#.##..###@###..#
#.#.#.#.>...# #g# #..#
#.....####..# #g###..#
###.### ##..
+_'....### ##.#
..#######g...#
###..### ..# ###
#.##.## .......## ..#
#####.#...## ....†...+
........gg.# .#÷..#.##
...#.......#


You could see a gnoll and a hobgoblin.

Vanquished Creatures
  2 worms (D:2)
  A dart slug (D:2)
  2 leopard geckos
  2 giant cockroaches
  4 goblins
  5 hobgoblins
  2 jackals (D:2)
  5 kobolds
  A quokka (D:2)
  4 bats
  2 frilled lizards (D:1)
  7 rats
37 creatures vanquished.

Notes
Turn   | Place    | Note
-------+----------+-------------------------------------------
     0 | D:1      | AlphabetPasta the Barachian Enchanter began the quest for the Orb.
     0 | D:1      | Reached XP level 1. HP: 13/13 MP: 3/3
   392 | D:1      | Reached XP level 2. HP: 10/19 MP: 3/5
   412 | D:1      | Learned a level 2 spell: Ensorcelled Hibernation
   633 | D:1      | Learned a level 2 spell: Ensorcelled Hibernation
  1425 | D:2      | Found a sparkling altar of Nemelex Xobeh.
  1818 | D:2      | Reached XP level 3. HP: 23/24 MP: 1/6
  2285 | D:2      | Found a white marble altar of Elyvilon.
  2313 | D:2      | Learned a level 3 spell: Confuse
  2384 | D:2      | Found a basalt altar of Yredelemnul.
  2424 | D:2      | HP: 1/24 [gnoll/club (7)]
  2426 | D:2      | Mangled by a gnoll

Vault maps used:
D:1:      dpeg_arrival_chase, roderic_lattice_a
D:2:      old_standard_altar, lemuel_doored_altar,
          nemelex_xobeh_ov_fountains_minmay, lemuel_crystal_altar

Action                   || total
-------------------------++-------
Melee: Dagger            ||   120
 Cast: Corona            ||     7
       Ensorcelled Hiber ||    21
 Abil: Hop               ||     1
  Use: Scroll            ||     5
       Potion            ||     2
 Stab: Sleeping          ||    17
       Distracted        ||     1
  Eat: Chunk             ||     7
Armor: Robe              ||    26
Dodge: Dodged            ||    65
